 Dungeon Crawl Stone Soup version 0.29.1-1-gd02db6906a (webtiles) character file.

Game seed: 9287237925831683066

71 fireball365 the Digger (level 3, 0/26 HPs)
             Began as a Demigod Earth Elementalist on Oct 5, 2022.
             Frozen to death by an endoplasm (4 damage)
             ... on level 3 of the Dungeon.
             The game lasted 00:11:27 (2391 turns).

fireball365 the Digger (Demigod Earth Elementalist) Turns: 2391, Time: 00:11:27

Health: 0/26       AC:  6    Str:  9    XL:     3   Next: 79%
Magic:  9/9        EV:  8    Int: 21    God:
Gold:   61         SH:  0    Dex: 14    Spells: 6/7 levels left

rFire   . . .      SeeInvis .   l - +0 hand axe
rCold   . . .      Faith    .   (no shield)
rNeg    . . .      Spirit   .   n - +0 scale mail
rPois   .          Reflect  .   (no helmet)
rElec   .          Harm     .   (no cloak)
rCorr   .          Rampage  .   (no gloves)
Will    .....                   (no boots)
Stlth   +.........              (no amulet)
HPRegen 0.08/turn               (no ring)
MPRegen 0.11/turn               (no ring)

@: no status effects
A: high MP 1, forlorn, divine attributes
a: no special abilities


You were on level 3 of the Dungeon.
You visited 1 branch of the dungeon, and saw 3 of its levels.

You collected 61 gold pieces.

Inventory:

Hand Weapons
 d - a +0 whip
 f - a +0 sling
 g - a +0 sling
 i - a +0 dagger
 j - a +0 short sword
 l - a +0 hand axe (weapon)
Missiles
 s - 7 stones
Armour
 n - a +0 scale mail (worn)
 p - a +0 ring mail
 r - a +0 ring mail
Magical Staves
 c - a staff of cold
Scrolls
 a - a scroll of teleportation {unknown}
 k - 5 scrolls of identify {unknown}
 m - a scroll of summoning {unknown}
 t - a scroll of amnesia {unknown}
 u - a scroll of torment {unknown}
 v - a scroll of noise {unknown}
Potions
 b - a potion of magic
 e - 3 potions of curing {unknown}
 h - a potion of degeneration {unknown}
 o - a potion of flight {unknown}
 q - 3 potions of invisibility {unknown}


   Skills:
 + Level 0.3 Fighting
 + Level 0.2 Axes
 + Level 0.1 Staves
 + Level 1.0 Armour
 + Level 2.1 Dodging
 + Level 1.7 Stealth
 + Level 2.6 Spellcasting
 + Level 0.8 Transmutations
 + Level 3.2 Earth Magic


You had 6 spell levels left.
You knew the following spells:

 Your Spells              Type           Power      Damage    Failure   Level
a - Sandblast             Erth           32%        2d9       28%         1

Your spell library contained the following spells:

 Spells                   Type           Power      Damage    Failure   Level
 Passwall                 Tmut/Erth      9%         N/A       58%         2
 Stone Arrow              Conj/Erth      18%        3d8       86%         3
 Call Canine Familiar     Summ           2%         N/A       97%         3
 Frozen Ramparts          Ice            4%         1d1       97%         3
 Ozocubu's Armour         Ice            2%         N/A       97%         3
 Portal Projectile        Hex/Tloc       4%         N/A       97%         3
 Leda's Liquefaction      Hex/Erth       4%         N/A       99%         4
 Petrify                  Tmut/Erth      11%        N/A       99%         4
 Ice Form                 Ice/Tmut       4%         N/A       100%        4
 Summon Ice Beast         Ice/Summ       2%         N/A       100%        4
 Ozocubu's Refrigeration  Ice            1%         4d7       100%        7


Dungeon Overview and Level Annotations

Branches:
Dungeon (3/15)


Innate Abilities, Weirdness & Mutations

You have an increased reservoir of magic. (+10% MP)
You shall have no god before yourself.
Your divine heritage dramatically boosts your attributes as you level up.


Message History

You escape the ball python's grasp.
The endoplasm hits you but does no damage.
The ball python bites you but does no damage.
The ball python grabs you. The ball python constricts you.
You escape the ball python's grasp.
The endoplasm attacks as you move away!
The endoplasm hits you but does no damage.
The endoplasm closely misses you. The ball python barely misses you.
The ball python grabs you. The ball python constricts you.
The ball python's grasp on you weakens, but your attempt to escape fails.
The endoplasm hits you.
* * * LOW HITPOINT WARNING * * *
The ball python bites you but does no damage.
The ball python constricts you.
* * * LOW HITPOINT WARNING * * *
You escape the ball python's grasp.
The ball python bites you but does no damage.
The ball python grabs you. The ball python constricts you.
You escape the ball python's grasp.
A bat comes into view.
The endoplasm hits you.
* * * LOW HITPOINT WARNING * * *
You hit the endoplasm.
The endoplasm is heavily wounded.
The bat hits you but does no damage. The endoplasm completely misses you.
The ball python barely misses you. The ball python grabs you.
The ball python constricts you.
You hit the ball python.
You kill the ball python!
You hit the endoplasm. You hit the bat. The bat hits you but does no damage. x2
The endoplasm completely misses you.
You hit the orc.
The orc is moderately wounded.
You completely miss the endoplasm. The orc hits you with a +0 hand axe.
* * * LOW HITPOINT WARNING * * *
The endoplasm hits you but does no damage.
The orc closely misses you. The endoplasm freezes you.
You are frozen.
You die...

..##...#.##.##############
#...=......$..............
####.!...##.##############
#.........# #.........#
#.##......# #....l##+##
#####Jo# ##@# #.# ...
##... ###.# .. #.. ...


You could see an orc, an endoplasm and a frilled lizard.

Vanquished Creatures
  2 adders (D:2)
  4 ball pythons
  8 bats
  5 endoplasms
  3 giant cockroaches
  3 goblins
  2 jackals (D:2)
  6 kobolds
  3 quokkas (D:1)
  8 frilled lizards
  4 rats
48 creatures vanquished.

Notes
Turn   | Place    | Note
-------+----------+-------------------------------------------
     0 | D:1      | fireball365 the Demigod Earth Elementalist began the quest
                  | for the Orb.
     0 | D:1      | Reached XP level 1. HP: 14/14 MP: 5/5
   171 | D:1      | Reached XP level 2. HP: 20/20 MP: 4/7
   190 | D:1      | Reached skill level 3 in Earth Magic
  1141 | D:2      | Reached XP level 3. HP: 26/26 MP: 7/9
  1508 | D:2      | Reached skill level 1 in Armour
  2391 | D:3      | Frozen to death by an endoplasm

Illustrated notes

Levels and vault maps discovered:
D:1:      matt_arrival_refuge, layout_basic,
          shapermc_ecumenical_altar_mp_highgroup
D:2:      layout_basic
D:3:      layout_basic, mainiacjoe_overflow_chevrons, serial_park_tiny_1

Skill      XL: |  1  2  3 |
---------------+----------+-----
Spellcasting   | 2 |  2.6
Earth Magic    | 3 |  3.2
Dodging        | 2 |  2.1
Armour         | 1 |  1.0
Fighting       | |  0.3
Axes           | |  0.2
Staves         | |  0.1
Stealth        | |  1.7
Transmutations | |  0.8

Action                   || total
-------------------------++-------
Melee: Staff             ||    12
       Hand axe          ||    53
 Cast: Sandblast         ||    41
  Use: Scroll            ||     1
Armor: Robe              ||     3
       Scale mail        ||    52
       Leather armour    ||     2
Dodge: Dodged            ||    67
